 Dungeon Crawl Stone Soup version 0.28.0-53-g5a82cb258f (webtiles) character file.

Game seed: 3065132718152461137

13 Tirrikindir the Skirmisher (level 2, 21/21 HPs)
             Began as an Octopode Fighter on Aug 16, 2022.
             Was a High Priest of Ignis.
             Got out of the dungeon alive.
             The game lasted 00:01:31 (1022 turns).

Tirrikindir the Skirmisher (Octopode Fighter)       Turns: 1022, Time: 00:01:31

Health: 21/21      AC:  1    Str: 15    XL:     2   Next: 37%
Magic:  2/2        EV: 13    Int: 10    God:    Ignis [*****.]
Gold:   28         SH:  9    Dex: 11    Spells: 1/1 levels left

rFire   + . .      SeeInvis .   a - +0 long sword
rCold   . . .      Faith    .   b - +0 buckler
rNeg    . . .      Spirit   .   (helmet restricted)
rPois   .          Reflect  +   e - amulet of reflection
rElec   .          Harm     .   (no ring)
rCorr   .          Rampage  .   (no ring)
Will    .....                   (no ring)
Stlth   ++........              (no ring)
HPRegen 0.07/turn               (no ring)
MPRegen 0.08/turn               (no ring)
                                (no ring)
                                (no ring)

@: no status effects
A: almost no armour, amphibious, 8 rings, camouflage 1, gelatinous body 1,
(nimble swimmer 1), tentacles
a: Renounce Religion, Fiery Armour, Foxfire Swarm, Rising Flame


You escaped.
You worshipped Ignis.
Ignis was extremely pleased with you.
You visited 1 branch of the dungeon, and saw 1 of its levels.

You collected 28 gold pieces.

Inventory:

Hand Weapons
 a - a +0 long sword (weapon)
Armour
 b - a +0 buckler (worn)
Jewellery
 e - an amulet of reflection (around mantle)
Scrolls
 f - a scroll of identify
Potions
 c - 2 potions of might
 d - a potion of brilliance
 g - a potion of curing {unknown}


   Skills:
 + Level 3.1 Fighting
 * Level 2.4 Long Blades
 + Level 3.0 Dodging
 + Level 1.0 Stealth
 + Level 3.1 Shields


You had one spell level left.
You didn't know any spells.
Your spell library contained the following spells:

 Spells                   Type           Power      Damage    Failure   Level
 Beastly Appendage        Tmut           0%         N/A       45%         1
 Wereblood                Tmut           0%         N/A       58%         2
 Spider Form              Tmut/Pois      0%         N/A       83%         3


Dungeon Overview and Level Annotations

Branches:
Dungeon (1/15)

Altars:
Ignis


Innate Abilities, Weirdness & Mutations

You cannot wear most types of armour.
You are amphibious.
You can wear up to eight rings at the same time.
Your skin changes colour to match your surroundings (Stealth+).
Your rubbery body absorbs attacks. (AC +1, EV +1)
((You are camouflaged when in or above water. (Stealth+)))
You have tentacles for arms and can constrict up to eight enemies at once.


Message History

A ball python comes into view.
Found a potion of might.
There is an open door here.
You block the ball python's attack. x2
You hit the ball python. Your grab misses the ball python.
The ball python is severely wounded.
The ball python bites you. You block the ball python's attack.
You hit the ball python.
You kill the ball python!
You see here a ball python corpse.
c - 2 potions of might (gained 1)
You open the door.
There is an open door here.
g - a blue potion
Found a robe.
You see here a +0 robe.
You see here a +0 dagger.
You now have 28 gold pieces (gained 10).
An endoplasm comes into view.
The endoplasm quivers.
The endoplasm freezes you.
You are frozen.
You slash the endoplasm!
You kill the endoplasm!
Your Stealth skill increases to level 1!
Found a faded altar of an unknown god.
Found a stone staircase leading down.
There is a faded altar of an unknown god here.
You cannot tell which god this altar belongs to.
Convert to them anyway?
Ignis accepts your prayer! Ignis welcomes you!
(D) Dungeon
Where to? (? - help)
What level of the Dungeon? (default 1, ? - help)
You see here 9 stones.
There is an open door here.
There is a staircase leading out of the dungeon here.
You can't go down here!
Are you sure you want to leave the Dungeon?
This will make you lose the game!
You have escaped!

#...######...##.#######...).##...
................# #...#....###>..
....######...#### #..#....#.##...
.#### ##.## #.#....#).###.. )..#
#.# ##....#...# ##. .#.# #.#
#.....##### ##. .#.# ##+#
###.#.#...# #.. ##.# ##..# #####
#.#..#..# #.. ##.#
##...###.@.###.#...#.# #.. #..#
##....P♣##.##♣≈......## #..
...####.....≈≈≈#'#♣≈≈..#...####.#
......+...[.≈≈≈≈≈≈≈≈≈♣...........
...####.....≈≈♣#'#♣≈≈..#.######.#
......##....≈♣##.##♣≈........##..
.#.##.###...###...###.##.###.####
...##.# ##..# ##### #.##.# #.#
...##.# ##+# #.##.# #.#


There were no monsters in sight!

Vanquished Creatures
  An endoplasm (D:1)
  3 hobgoblins (D:1)
  A quokka (D:1)
  2 ball pythons (D:1)
  A bat (D:1)
  A goblin (D:1)
  2 kobolds (D:1)
  3 rats (D:1)
14 creatures vanquished.

Notes
Turn   | Place    | Note
-------+----------+-------------------------------------------
     0 | D:1      | Tirrikindir the Octopode Fighter began the quest for the
                  | Orb.
     0 | D:1      | Reached XP level 1. HP: 16/16 MP: 1/1
   550 | D:1      | Reached XP level 2. HP: 20/21 MP: 2/2
   946 | D:1      | Reached skill level 1 in Stealth
   953 | D:1      | Found a faded altar of an unknown god.
   961 | D:1      | Prayed at the altar of an unknown god.
   961 | D:1      | Became a worshipper of Ignis, the Dying Flame
  1022 | D:$      | Got out of the dungeon alive.

Illustrated notes

Levels and vault maps discovered:
D:1:      sevenhm_arrival_forest_fort_small_4, layout_loops_corners,
          basic_ecumenical_altar, hangedman_decor_diamond_cutter

Skill      XL: |  1  2 |
---------------+-------+-----
Stealth        | 1 |  1.0
Fighting       | |  3.1
Long Blades    | |  2.4
Dodging        | |  3.0
Shields        | |  3.1

Action                   || total
-------------------------++-------
Melee: Long sword        ||    22
       Constrict         ||     6
       Tentacles         ||     4
  Use: Scroll            ||     2
 Stab: Sleeping          ||     5
Dodge: Dodged            ||     7
Block: Buckler           ||     9
